 Dungeon Sprint DCSS version 0.17-a0-1582-ge6b0260 (webtiles) character file.

0 nuthulu the Skirmisher (level 3, -6/24 HPs)
             Began as a Gargoyle Fighter on July 27, 2015.
             Mangled by an ogre
             ... wielding a +0 giant club
              (11 damage)
             ... in the Dungeon (Sprint VI: "Thunderdome").
             The game lasted 00:00:29 (49 turns).

nuthulu the Skirmisher (Gargoyle Fighter)             Turns: 49, Time: 00:00:29

Health: -6/24      AC: 10    Str: 24    XL:     3   Next: 6%
Magic:  3/3        EV:  7    Int:  8    God:
Gold:   32         SH: 10    Dex: 10    Spells: 0 memorised, 2 levels left

rFire  . . .     SeeInvis .     a - +0 flail
rCold  . . .     Clarity  .     b - +0 scale mail
rNeg   + . .     SustAt   .     c - +0 shield
rPois  ∞         Gourm    .     (no helmet)
rElec  +         Spirit   .     (no cloak)
rCorr  .         Warding  .     (no gloves)
rMut   .         NoTele   +     (no boots)
MR     .....                    (no amulet)
Stlth  ..........               (no ring)
                                (no ring)

@: mighty, not resistant to hostile enchantments, extremely unstealthy
A: negative energy resistance 1, electricity resistance, unbreathing,
petrification resistance, rot immunity, AC +3
a: no special abilities


You were in the Dungeon.
You were not hungry.

You visited 1 branch You collected 200 gold pieces.
You spent 168 gold pieces at shops.

Inventory:

Hand weapons
 a - a +0 flail (weapon)
Armour
 b - a +0 scale mail (worn)
 c - a +0 shield (worn)
Magical devices
 l - a wand of cold (5)
 m - a wand of fire (5)
Scrolls
 k - 4 scrolls of blinking
 n - 3 scrolls of fog
Potions
 d - 6 potions of might
 f - a potion of curing
 g - 4 potions of heal wounds
 h - 4 potions of haste
 i - 2 potions of magic
 j - a potion of berserk rage
 o - a potion of resistance
Comestibles
 e - a bread ration


   Skills:
 + Level 4.5 Fighting
 + Level 3.5 Maces & Flails
 + Level 4.5 Armour
 + Level 4.5 Shields


You had 2 spell levels left.
You didn't know any spells.

Dungeon Overview and Level Annotations

Branches:
Dungeon (1/1)

Altars:
Cheibriados
Dithmenos
Fedhas
Gozag
Kikubaaqudgha
Makhleb
Okawaru
Qazlal
Ru
Sif Muna
Trog
Vehumet
Xom
Yredelemnul
Zin
The Shining One
Jiyva
Lugonu

Shops:
D *[%??*?*:[((!!!!


Innate Abilities, Weirdness & Mutations

You are resistant to torment.
Your stone body is resilient (AC +3).
You are immune to poison.
You resist negative energy.
You are resistant to electric shocks.
You can survive without breathing.
You are immune to petrification.
You are immune to rotting.


Message History

You kill Terence!
Your Fighting skill increases to level 4!
Your Maces & Flails skill increases to level 3!
Your Armour skill increases to level 4!
Your Shields skill increases to level 4!
You have reached level 2!
You have reached level 3!
Your experience leads to an increase in your attributes!
Your base attributes are Str 19, Int 8, Dex 9.
Increase (S)trength, (I)ntelligence, or (D)exterity?
You feel agile. The ogre hits you with a giant club!
You hit the ogre.
The ogre is lightly wounded.
The ogre hits you with a giant club.
* * * LOW HITPOINT WARNING * * *
Your shield and scale mail prevent you from hitting the ogre.
The ogre is lightly wounded.
The ogre hits you with a giant club!
You die...

###.........### #⌠...........⌠#
######.8.........8.######
##∩.__......###......__.∩##
##∩........8.# #.8........∩###
.............###.............#
..........###...###..........⌠#
..........# #.<.# #..........⌠#
.........g###..@###..........⌠#
.............###Og...........##
##∩........8.# #g8........∩###
##∩.__......###......__.∩##
######.8.........8.######
#⌠...........⌠# ###.........###
#_......._# #........_#


You could see an ogre, a hobgoblin and a goblin.

Vanquished Creatures
  Terence (D)
  A giant newt (D)
2 creatures vanquished.

Notes
Turn   | Place    | Note
--------------------------------------------------------------
     0 | D        | nuthulu the Gargoyle Fighter began the quest for the Orb.
     0 | D        | Reached XP level 1. HP: 14/14 MP: 1/1
     1 | D        | Found a shadowy altar of Dithmenos.
     1 | D        | Found an iron altar of Okawaru.
     2 | D        | Found a basalt altar of Yredelemnul.
     2 | D        | Found a glowing silver altar of Zin.
     4 | D        | Found Nikiklesic's Do-It-Yourself Clinic.
     4 | D        | Found a shimmering altar of Xom.
     4 | D        | Found a deep blue altar of Sif Muna.
     4 | D        | Found Jucible's Distillery.
     5 | D        | Found Ryuh's Bottled Wisdom.
     5 | D        | Found Keurch's Distillery.
     5 | D        | Round 1.
     6 | D        | Noticed an ogre
     8 | D        | Found a corrupted altar of Lugonu.
    12 | D        | Bought 6 potions of might for 168 gold pieces
    17 | D        | Found a burning altar of Makhleb.
    17 | D        | Found Omnionn's Staff Store.
    17 | D        | Found Gexoddih's Must-Have Magic.
    18 | D        | Found Gotozum's Magic Scroll Shop.
    19 | D        | Found a blossoming altar of Fedhas.
    19 | D        | Found a stormy altar of Qazlal.
    19 | D        | Found a sacrificial altar of Ru.
    19 | D        | Found Seigarr's Magic Scroll Shop.
    23 | D        | Found an ancient bone altar of Kikubaaqudgha.
    24 | D        | Found a snail-covered altar of Cheibriados.
    27 | D        | Found Ytarhesm's Bee Food.
    28 | D        | Found Jemuynu's Jewellery.
    28 | D        | Found Zomuded's Advanced Armour.
    28 | D        | Found a viscous altar of Jiyva.
    28 | D        | Found an opulent altar of Gozag.
    28 | D        | Found Jeucvauc's Identification Station.
    29 | D        | Noticed Terence
    32 | D        | Found a radiant altar of Vehumet.
    35 | D        | Found a bloodstained altar of Trog.
    35 | D        | Found a glowing golden altar of the Shining One.
    36 | D        | Found Juc Udoi's Premium Goods.
    36 | D        | Found Hylamp's Weapon Rack.
    37 | D        | Found Hequs's Miscellaneous Merchandise.
    37 | D        | Found Qas Dim's Basic Armour.
    47 | D        | Killed Terence
    47 | D        | Reached skill level 4 in Fighting
    47 | D        | Reached XP level 2. HP: 16/20 MP: 2/2
    47 | D        | Reached XP level 3. HP: 19/24 MP: 3/3
    49 | D        | Mangled by an ogre

Vault maps used:
D:        arena_sprint

Action                   || total
-------------------------++-------
Melee: Flail             ||     6
  Use: Potion            ||     1
